 Dungeon Crawl Stone Soup version 0.22.1-2-g9c5b331383 (webtiles) character file.

120 H0rd4k the Charlatan (level 5, -10/37 HPs)
             Began as a Human Artificer on Nov 28, 2018.
             Blown up by an orc (16 damage)
             ... with a wand of disintegration (10)
             ... on level 2 of the Dungeon on Nov 30, 2018.
             The game lasted 00:03:10 (2521 turns).

H0rd4k the Charlatan (Human Artificer)              Turns: 2521, Time: 00:03:11

Health: -10/37     AC:  3    Str: 12    XL:     5   Next: 25%
Magic:  7/7        EV: 12    Int: 13    God:
Gold:   60         SH:  0    Dex: 13    Spells: 4/4 levels left

rFire    . . .     SeeInvis .   a - +0 short sword
rCold    . . .     Gourm    .   (no shield)
rNeg     . . .     Faith    .   b - +0 leather armour
rPois    .         Spirit   .   (no helmet)
rElec    .         Reflect  .   (no cloak)
rCorr    .         Harm     .   (no gloves)
MR       .....                  (no boots)
Stlth    ++........             (no amulet)
HPRegen  0.12/turn              (no ring)
MPRegen  0.10/turn              (no ring)

@: no status effects
A: no striking features
a: no special abilities


You were on level 2 of the Dungeon.
You were not hungry.

You visited 1 branch of the dungeon, and saw 3 of its levels.

You collected 60 gold pieces.

Inventory:

Hand Weapons
 a - a +0 short sword (weapon)
Missiles
 j - 23 poisoned needles
 m - 31 bolts
 r - 25 arrows
 u - 20 sling bullets
Armour
 b - a +0 leather armour (worn)
 s - a +1 pair of gloves
Jewellery
 q - an uncursed ring of positive energy {unknown}
Wands
 c - a wand of flame (11)
 d - a wand of enslavement (15)
 e - a wand of random effects (11)
Scrolls
 g - a scroll of magic mapping {unknown}
 i - 3 scrolls of identify {unknown}
 l - 2 scrolls of teleportation {unknown}
 n - a scroll of enchant weapon {unknown}
 p - 3 scrolls of remove curse {unknown}
Potions
 h - a potion of might {unknown}
 k - 2 potions of curing {unknown}
 o - a potion of haste {unknown}
 t - a potion of berserk rage {unknown}
Comestibles
 f - 7 rations
 v - a chunk of flesh


   Skills:
 + Level 1.2 Fighting
 + Level 2.3 Short Blades
 + Level 1.4 Armour
 + Level 2.5 Dodging
 + Level 2.4 Stealth
 + Level 3.6 Evocations


You had 4 spell levels left.
You didn't know any spells.
Your spell library was empty.

Dungeon Overview and Level Annotations

Branches:
Dungeon (3/15)

Altars:


Message History

You hit the bat.
The bat is heavily wounded.
The bat closely misses you. x2; The orc hits you but does no damage.
You hit the orc but do no damage. The bat hits you.
The orc zaps a wand.
You are blasted!
Ouch! That really hurt!
* * * LOW HITPOINT WARNING * * *
You are too injured to fight recklessly!
You are too injured to fight recklessly!
You are too injured to fight recklessly!
The bat closely misses you. The orc hits you but does no damage.
You climb upwards.
There is a stone staircase leading down here.
The orc zaps a wand.
You are blasted!
* * * LOW HITPOINT WARNING * * *
The orc zaps a wand.
You barely resist.
The orc zaps a wand.
You are blasted!
* * * LOW HITPOINT WARNING * * *
The orc zaps a wand.
You are blasted!
You die...

#.# ##.#.#
#.#........... #.#
#....# #.#.####......
#.# #....### #.#.#
#...... ##.###......#
#.#.# #######
#...........#######.#.#
#..#####....#.......#.#
#..#........#.##...)..#
#..#.#####....##......#
#..#..#>)'.....@......#
#..#..#.##....##...>.##
#..#..#.##....##.....#
#..#..#.##o...##.....#
#..#..#.......##.....#
#..#######....########
#........#....#
#.######.#....#
#.######.##.#.#


You could see an orc.

Vanquished Creatures
  An orc priest (D:3)
  2 adders (D:2)
  2 oozes (D:2)
  2 worms (D:2)
  A dart slug (D:2)
  2 orcs
  5 giant cockroaches
  5 goblins
  4 hobgoblins
  6 jackals
  6 bats
  6 frilled lizards
  3 kobolds
  10 rats
55 creatures vanquished.

Notes
Turn   | Place    | Note
-------+----------+-------------------------------------------
     0 | D:1      | H0rd4k the Human Artificer began the quest for the Orb.
     0 | D:1      | Reached XP level 1. HP: 15/15 MP: 3/3
    65 | D:1      | Reached XP level 2. HP: 3/21 MP: 4/4
   689 | D:1      | Reached XP level 3. HP: 11/26 MP: 5/5
  1220 | D:1      | You fall through a shaft!
  1414 | D:2      | Reached XP level 4. HP: 26/32 MP: 6/6
  1739 | D:2      | Reached skill level 1 in Armour
  2288 | D:3      | Reached XP level 5. HP: 17/37 MP: 7/7
  2521 | D:2      | Blown up by an orc

Skill      XL: |  1  2  3  4 |
---------------+-------------+-----
Stealth        | 2 |  2.4
Short Blades   | 2 |  2.3
Armour         | 1 |  1.4
Fighting       | |  1.2
Dodging        | |  2.5
Evocations     | |  3.6

Action                   |  1- 3 |  4- 6 || total
-------------------------+-------+-------++-------
Melee: Short sword       |   122 |    83 ||   205
Evoke: Wand              |     1 |     7 ||     8
 Stab: Sleeping          |     6 |     4 ||    10
       Distracted        |       |     1 ||     1
  Eat: Chunk             |     1 |     4 ||     5
Armor: Leather armour    |    30 |    24 ||    54
Dodge: Dodged            |    91 |    48 ||   139
